Map: Cerulean Fall LE

Players

Geralt (Gerald)

  • Race: Protoss Protoss
  • League: Grandmaster
  • Spawn Location: 7:00

Lambo - Winner!

  • Race: Zerg Zerg
  • League: Grandmaster
  • Spawn Location: 1:00

VOD

Have the link to the VOD?

Description

Time

  • Played on: Jan. 7, 2019, 1:06 p.m.
  • Length: 11:28
Show
View Real Time Build Order
Export as new Build Order

Geralt Protoss 

Build Orders: 1 Gate Expand, Archon Immortal, Archon Drop, Dark Templar Rush 

Get SALT Encoding   

  12  0:00  Probe  
  13  0:12  Probe  
  14  0:20  Pylon  
  14  0:25  Probe  
  15  0:30  Assimilator  
  15  0:35  Probe  
  16  0:43  Probe  
  17  0:50  Gateway  
  17  0:52  Probe  
  19  1:04  Probe  
  19  1:16  Probe  
  20  1:28  Nexus  
  20  1:37  Cybernetics Core  
  20  1:40  Probe  
  20  1:46  Assimilator  
  21  1:52  Probe  
  22  1:56  Pylon  
  22  2:04  Probe  
  22  2:05  Adept  
  25  2:16  Probe  
  25  2:19  Twilight Council  
  26  2:23  Warp Gate  
  26  2:24  Adept  
  26  2:28  Probe  
  29  2:49  Stalker  
  31  2:53  Probe  
  31  2:54  Probe  
  33  3:06  Probe  
  33  3:09  Probe  
  35  3:13  Robotics Facility  
  35  3:19  Probe  
  36  3:21  Probe  
  36  3:26  Adept  
  37  3:30  Gateway  
  37  3:31  Probe  
  38  3:34  Probe  
  38  3:35  Charge  
  38  3:41  Dark Shrine  
  39  3:44  Probe  
  39  3:46  Probe  
  41  3:56  Probe  
  41  3:57  Warp Prism  
  41  3:58  Probe  
  43  4:07  Pylon  
  43  4:08  Probe, Assimilator  
  46  4:14  Gateway  
  46  4:16  Gateway  
  46  4:25  Probe x2  
  46  4:29  Warp Prism  
  48  4:38  Probe  
  49  4:45  Probe  
  48  4:49  Gateway  
  48  4:51  Gateway, Assimilator  
  48  4:53  Pylon  
  48  5:02  Dark Templar x2  
  52  5:10  Dark Templar x2, Pylon  
  52  5:14  Probe x2  
  58  5:20  Pylon  
  58  5:38  Probe  
  58  5:41  Dark Templar x3  
  65  5:57  Probe x2  
  65  5:59  Immortal  
  65  6:00  Gateway  
  65  6:01  Gateway  
  65  6:03  Dark Templar  
  73  6:08  Archon x2  
  73  6:13  Pylon  
  73  6:14  Pylon  
  73  6:17  Archon  
  73  6:18  Archon  
  73  6:29  Immortal  
  73  6:30  Nexus  
  76  6:44  Zealot x6  
  88  6:47  Pylon  
  88  6:48  Pylon  
  88  7:08  Immortal  
  92  7:20  Dark Templar x4  
  96  7:24  Probe  
  96  7:27  Probe  
  98  7:48  Zealot x4  
  98  7:49  Probe x2  
  112  7:55  Probe, Robotics Bay  
  113  8:01  Probe  
  113  8:03  Pylon  
  114  8:06  Archon x2  
  114  8:07  Dark Templar x2, Zealot x2  
  114  8:09  Immortal  
  122  8:12  Archon  
  122  8:13  Zealot  
  122  8:18  Probe  
  125  8:20  Pylon  
  125  8:21  Pylon  
  125  8:33  Zealot x3  
  125  8:34  Dark Templar  
  125  8:35  Dark Templar x2  
  123  8:42  Archon  
  123  8:44  Zealot  
  123  8:45  Zealot  
  111  8:56  Zealot x3  
  108  9:08  Zealot x3  
  108  9:09  Zealot x2  
  78  9:18  Probe  
  78  9:19  Probe  
  80  9:26  Dark Templar x3  
  82  9:32  Zealot x2  
  82  9:33  Archon, Zealot  
  82  9:38  Zealot  
  89  9:50  Zealot  
  67  10:06  Zealot x6  
  75  10:12  Pylon  
  71  10:33  Disruptor  
  67  10:47  Gateway  
  70  10:50  Dark Templar  
  70  10:51  Dark Templar x4  
  83  11:12  Archon x2  
  83  11:17  Dark Templar  
  83  11:18  Zealot  
Show
View Real Time Build Order
Export as new Build Order

Lambo Zerg - Winner!

Build Orders: Hatch First 

Get SALT Encoding   

  12  0:00  Drone  
  13  0:12  Overlord  
  13  0:17  Drone  
  14  0:31  Drone x2  
  16  0:50  Hatchery  
  16  0:51  Drone  
  16  0:55  Drone  
  17  0:59  Drone  
  18  1:09  Extractor  
  17  1:14  Spawning Pool  
  17  1:17  Drone  
  17  1:20  Drone  
  18  1:27  Drone  
  19  1:38  Drone  
  20  1:51  Overlord  
  20  2:01  Queen  
  20  2:02  Queen  
  20  2:03  Zergling x2  
  20  2:04  Zergling x2  
  26  2:10  Metabolic Boost  
  26  2:12  Drone  
  27  2:18  Drone  
  28  2:23  Drone  
  28  2:25  Drone  
  30  2:38  Hatchery  
  30  2:42  Drone  
  30  2:45  Drone  
  30  2:49  Drone  
  30  2:50  Overlord  
  32  2:57  Zergling x2  
  33  3:02  Spore Crawler  
  33  3:03  Spore Crawler  
  31  3:09  Spore Crawler  
  31  3:10  Drone x2  
  31  3:12  Drone  
  32  3:13  Drone  
  32  3:17  Drone  
  32  3:18  Drone  
  38  3:20  Queen  
  38  3:26  Drone x2  
  42  3:30  Drone  
  43  3:35  Spore Crawler  
  43  3:37  Drone  
  43  3:40  Drone  
  44  3:48  Overlord  
  44  3:49  Overlord  
  44  3:51  Drone x4  
  44  3:53  Lair  
  49  3:57  Roach Warren  
  49  4:02  Overlord, Extractor  
  47  4:06  Extractor  
  47  4:08  Zergling x2  
  47  4:09  Zergling x2, Drone x2  
  49  4:11  Zergling x2  
  49  4:12  Zergling x2  
  49  4:13  Drone  
  52  4:17  Drone x2  
  52  4:20  Drone  
  52  4:24  Drone x3  
  58  4:29  Overlord, Drone  
  58  4:30  Drone  
  60  4:35  Drone x2  
  60  4:38  Drone  
  62  4:41  Spore Crawler  
  61  4:47  Overlord  
  61  4:48  Roach x4  
  61  4:52  Overseer  
  69  4:53  Roach  
  69  4:56  Glial Reconstitution  
  69  4:57  Overlord  
  69  4:58  Overseer  
  71  5:00  Overlord  
  71  5:03  Roach  
  73  5:07  Overlord  
  73  5:12  Drone x4  
  77  5:20  Overlord  
  77  5:21  Evolution Chamber  
  77  5:23  Extractor  
  77  5:28  Roach x6  
  85  5:40  Roach  
  85  5:41  Roach x2  
  91  5:46  Drone  
  91  5:47  Drone  
  89  5:50  Drone x3  
  89  5:55  Drone x2  
  94  5:59  Zerg Missile Weapons Level 1, Drone x3  
  94  6:01  Overlord  
  94  6:02  Extractor  
  96  6:04  Overlord  
  96  6:09  Overlord  
  96  6:12  Overlord  
  96  6:13  Roach x4  
  96  6:18  Overlord  
  104  6:21  Roach  
  104  6:22  Overlord  
  108  6:25  Roach  
  108  6:29  Roach x2, Hatchery  
  108  6:31  Overlord  
  111  6:33  Roach  
  111  6:37  Ravager  
  111  6:38  Roach x2  
  117  6:42  Roach x2  
  117  6:45  Roach  
  117  6:46  Roach  
  125  6:49  Roach x2  
  129  6:55  Overlord  
  129  6:58  Roach x3  
  135  7:04  Roach x4  
  141  7:12  Roach x4  
  147  7:18  Roach x2  
  147  7:22  Queen  
  153  7:27  Roach x2  
  157  7:32  Roach x3  
  157  7:35  Ravager  
  164  7:38  Overlord  
  164  7:41  Overlord  
  164  7:42  Roach x2  
  166  7:47  Ravager  
  166  7:48  Ravager  
  166  7:51  Overlord  
  166  7:52  Ravager x2  
  166  7:53  Ravager  
  166  7:54  Extractor  
  166  7:58  Roach x2, Zergling x6  
  175  8:08  Roach  
  175  8:09  Roach x6  
  189  8:14  Overlord  
  189  8:18  Roach  
  189  8:19  Roach x3  
  197  8:27  Roach  
  197  8:33  Roach x3  
  199  8:36  Overlord  
  199  8:39  Overlord  
  199  8:40  Overlord  
  197  8:42  Roach x2  
  197  8:44  Overlord  
  198  8:54  Roach x2  
  199  8:56  Overlord  
  177  9:02  Overlord  
  177  9:04  Roach x8  
  180  9:10  Roach x2  
  180  9:14  Spire  
  162  9:20  Zergling x8  
  152  9:26  Drone x4  
  152  9:39  Drone  
  152  9:40  Roach x3  
  152  9:43  Roach  
  152  9:45  Roach x2  
  158  9:50  Roach x3  
  149  9:58  Roach x6  
  144  10:05  Roach x3  
  143  10:11  Drone x3  
  141  10:27  Mutalisk x6  
  153  10:31  Zergling x6  
  153  10:35  Zergling x4  
  158  10:38  Baneling Nest  
  158  10:39  Zergling x8  
  158  10:40  Zergling x4  
  161  10:48  Zergling x10  
  164  10:57  Zergling x8  
  168  11:02  Zergling x4  
  170  11:06  Ravager x2  
  170  11:07  Ravager  
  170  11:08  Zergling x4  
  170  11:10  Ravager  
  191  11:19  Ravager  
Tags
 
Add a new tag
Caveats
  • Supply blocks, unpowered buildings, or Contaminate may cause inaccurate times.
  • Supply counts are checked every 10 seconds.